 Dungeon Crawl Stone Soup version 0.31-a0-358-gac0dbeb3ab (webtiles) character file.

Game seed: 14916974892554350093

880 cforsyth the Charlatan (level 8, 0/54 HPs)
             Began as a Gnoll Artificer on July 25, 2023.
             Was a Follower of Hepliaklqana.
             Succumbed to a kobold brigand's poison
             ... on level 5 of the Dungeon.
             The game lasted 00:07:52 (5383 turns).

cforsyth the Charlatan (Gnoll Artificer)            Turns: 5383, Time: 00:07:53

Health: 0/54       AC: 17    Str: 11    XL:     8   Next: 5%
Magic:  12/12      EV:  3    Int: 13    God:    Hepliaklqana [*.....]
Gold:   314        SH:  0    Dex: 13    Spells: 13/13 levels left

rFire   . . .        c - +2 flail (drain)
rCold   . . .        (no shield)
rNeg    . . .        q - +0 plate armour
rPois   .            y - +2 helmet
rElec   .            (no cloak)
rCorr   .            (no gloves)
SInv    .            g - +0 pair of boots
Will    .....        (no amulet) Stlth
                     (no ring)
HPRegen 0.29/turn    (no ring)
MPRegen 0.13/turn

%: no passive effects
@: lethally poisoned (0 -> -2), invisible
A: reduced essence, fangs 1, strong nose, distributed training
a: Renounce Religion, Recall Ancestor, Ancestor Identity


You were on level 5 of the Dungeon.
You worshipped Hepliaklqana.
Hepliaklqana was aware of your devotion.
You visited 2 branches of the dungeon, and saw 6 of its levels.

You collected 314 gold pieces.

Inventory:

Hand Weapons
 a - a +0 club
 c - a +2 flail of draining (weapon)
 j - a +2 flail of protection
 s - a +1 antimagic flail
Armour
 b - a +0 leather armour
 g - a +0 pair of boots (worn)
 o - a +0 scale mail
 q - a +0 plate armour (worn)
 y - a +2 helmet (worn)
Talismans
 r - a blade talisman
Wands
 d - a wand of charming (15)
 e - a wand of iceblast (2)
 p - a wand of polymorph (7)
 t - a wand of acid (7)
 w - a wand of flame (24)
Scrolls
 f - 2 scrolls of fear {unknown}
 h - 2 scrolls of immolation {unknown}
 i - 3 scrolls of identify {unknown}
 k - a scroll of noise {unknown}
 l - 4 scrolls of torment {unknown}
 m - a scroll of acquirement {unknown}
 n - 2 scrolls of teleportation {unknown}
Potions
 u - a potion of enlightenment {unknown}
 v - a potion of heal wounds {unknown}


   Skills:
 + Level 4.0 Fighting
 + Level 3.0 Short Blades
 + Level 3.0 Long Blades
 + Level 3.0 Axes
 + Level 3.0 Maces & Flails
 + Level 3.0 Polearms
 + Level 3.0 Staves
 + Level 3.0 Ranged Weapons
 + Level 3.0 Throwing
 + Level 5.5 Armour
 + Level 4.0 Dodging
 + Level 3.8 Stealth
 + Level 3.0 Shields
 + Level 3.0 Unarmed Combat
 + Level 3.0 Spellcasting
 + Level 2.4 Conjurations
 + Level 2.4 Hexes
 + Level 2.4 Summonings
 + Level 2.4 Necromancy
 + Level 2.4 Translocations
 + Level 2.4 Transmutations
 + Level 2.4 Fire Magic
 + Level 2.4 Ice Magic
 + Level 2.4 Air Magic
 + Level 2.4 Earth Magic
 + Level 2.4 Poison Magic
 + Level 3.2 Invocations
 + Level 7.2 Evocations
 + Level 2.4 Shapeshifting


You had 13 spell levels left.
You didn't know any spells.
Your spell library contained the following spells:

 Spells                   Type           Power      Damage    Failure   Level
 Summon Small Mammal      Summ           32%        N/A       100%        1
 Blink                    Tloc           16%        N/A       100%        2
 Lesser Beckoning         Tloc           16%        N/A       100%        2
 Momentum Strike          Conj/Tloc      16%        3d8       100%        2
 Call Canine Familiar     Summ           8%         N/A       100%        3
 Summon Guardian Golem    Hex/Summ       8%         N/A       100%        3


Dungeon Overview and Level Annotations

Branches:
Dungeon (5/15)             Temple (1/1) D:4

Altars:
Ashenzari
Cheibriados
Dithmenos
Elyvilon
Gozag
Hepliaklqana
Kikubaaqudgha
Makhleb
Okawaru
Qazlal
Ru
Sif Muna
Trog
Uskayaw
Vehumet
Wu Jian
Xom
Yredelemnul
Zin
The Shining One


Innate Abilities, Weirdness & Mutations

Your life essence is reduced to manifest your ancestor. (-10% HP)
You have very sharp teeth.
Your uncanny sense of smell can sniff out nearby items.
Your experience applies equally to all skills.


Message History

You hit the kobold brigand. Your bite misses the kobold brigand.
The kobold brigand is lightly wounded.
You feel sick. The kobold hits you but does no damage.
The kobold brigand hits you but does no damage.
The kobold hits you but does no damage.
Edmée hits the kobold.
The kobold hits you but does no damage. x3
The kobold brigand barely misses you.
You thump the kobold!
You kill the kobold!
You feel sick.
The kobold hits you but does no damage. x2
You are electrocuted!
The kobold brigand hits you but does no damage.
You hit the kobold brigand.
You bite the kobold brigand, but do no damage.
The kobold brigand is moderately wounded.
You feel sick.
Edmée closely misses the kobold.
The kobold hits you but does no damage. The kobold barely misses you.
The kobold brigand hits you with a +0 short sword.
You are too injured to fight recklessly!
You are too injured to fight recklessly!
You are too injured to fight recklessly!
You are too injured to fight recklessly!
You are too injured to fight recklessly!
You are too injured to fight recklessly!
You are too injured to fight recklessly!
You are too injured to fight recklessly!
You are too injured to fight recklessly!
You are too injured to fight recklessly!
You hit the kobold brigand but do no damage.
The kobold brigand is moderately wounded.
You feel sick.
Edmée barely misses the kobold.
The kobold hits you but does no damage. x2; You are electrocuted!!
* * * LOW HITPOINT WARNING * * *
The kobold brigand hits you with a +0 short sword!
* * * LOW HITPOINT WARNING * * *
Edmée hits the kobold.
The kobold dies!
It was a potion of invisibility.
You fade into invisibility!
You die...

#>...#
#######....####
...............
...............
...............
>..........$?..
......KK)......
.......@R.....[
.......).......
#######....####
#...#....#
#...#....# ∆+..
#...'....#
#..######....#
#..##...#....#
#.......'....#


You could see the friendly Edmée the ancestor, a kobold brigand (unable to see
you) and a kobold (unable to see you).

Vanquished Creatures
  Edmund (D:4)
  A phantom (D:5)
  3 scorpions
  A hound (D:4)
  A gnoll bouda (D:3)
  Ijyb (D:4)
  Terence (D:2)
  Natasha (thrice) (D:4)
  5 orc wizards
  Robin (D:5)
  5 gnolls
  5 adders
  A white imp (D:5)
  2 worms (D:2)
  8 dart slugs
  6 orcs
  4 endoplasms
  A giant cockroach (D:1)
  11 goblins
  3 hobgoblins
  8 kobolds
  6 quokkas
  4 ball pythons
  3 bats
  5 frilled lizards
  2 rats
92 creatures vanquished.

Vanquished Creatures (collateral kills)
  2 goblins (D:5)
  A quokka (D:5)
  2 kobolds (D:5)
5 creatures vanquished.

Vanquished Creatures (others)
  An endoplasm (D:4)
1 creature vanquished.

Grand Total: 98 creatures vanquished

Notes
Turn   | Place    | Note
-------+----------+-------------------------------------------
     0 | D:1      | cforsyth the Gnoll Artificer began the quest for the Orb.
     0 | D:1      | Reached XP level 1. HP: 17/17 MP: 1/1
   114 | D:1      | Reached XP level 2. HP: 18/23 MP: 2/2
   656 | D:2      | Reached XP level 3. HP: 18/28 MP: 3/3
   721 | D:2      | Noticed Terence
   730 | D:2      | Killed Terence
   731 | D:2      | Reached skill level 1 in Short Blades
   731 | D:2      | Reached skill level 1 in Long Blades
   731 | D:2      | Reached skill level 1 in Axes
   731 | D:2      | Reached skill level 1 in Maces & Flails
   731 | D:2      | Reached skill level 1 in Polearms
   731 | D:2      | Reached skill level 1 in Staves
   731 | D:2      | Reached skill level 1 in Ranged Weapons
   731 | D:2      | Reached skill level 1 in Throwing
   731 | D:2      | Reached skill level 1 in Shields
   731 | D:2      | Reached skill level 1 in Unarmed Combat
   731 | D:2      | Reached skill level 1 in Spellcasting
   731 | D:2      | Reached skill level 1 in Invocations
   844 | D:2      | Reached XP level 4. HP: 34/34 MP: 5/5
  1482 | D:3      | Reached skill level 1 in Conjurations
  1482 | D:3      | Reached skill level 1 in Hexes
  1482 | D:3      | Reached skill level 1 in Summonings
  1482 | D:3      | Reached skill level 1 in Necromancy
  1482 | D:3      | Reached skill level 1 in Translocations
  1482 | D:3      | Reached skill level 1 in Transmutations
  1482 | D:3      | Reached skill level 1 in Fire Magic
  1482 | D:3      | Reached skill level 1 in Ice Magic
  1482 | D:3      | Reached skill level 1 in Air Magic
  1482 | D:3      | Reached skill level 1 in Earth Magic
  1482 | D:3      | Reached skill level 1 in Poison Magic
  1482 | D:3      | Reached skill level 1 in Shapeshifting
  1662 | D:3      | Found a radiant altar of Vehumet.
  1724 | D:3      | Reached XP level 5. HP: 15/40 MP: 5/7
  1820 | D:3      | Found an ancient bone altar of Kikubaaqudgha.
  1889 | D:3      | Found a shimmering blue altar of Sif Muna.
  1922 | D:3      | HP: 1/41 [something/puff of flame (5)]
  1932 | D:3      | Got Sif Muna's Exposition on the Commander
  2746 | D:4      | Reached XP level 6. HP: 47/47 MP: 8/8
  2747 | D:4      | Noticed Natasha
  3131 | D:3      | Reached skill level 5 in Armour
  3838 | D:4      | Killed Natasha
  3864 | D:4      | Noticed Ijyb
  3870 | D:4      | Killed Ijyb
  3871 | D:4      | Reached XP level 7. HP: 41/52 MP: 3/10
  3963 | D:4      | Noticed Natasha
  3976 | D:4      | Killed Natasha
  3977 | D:4      | Reached skill level 7 in Evocations
  3989 | D:4      | Noticed Natasha
  4002 | D:4      | Killed Natasha
  4146 | D:4      | Found a staircase to the Ecumenical Temple.
  4155 | Temple   | Entered the Ecumenical Temple
  4170 | Temple   | Became a worshipper of Hepliaklqana the Forgotten
  4548 | D:4      | Noticed Edmund
  4554 | D:4      | Killed Edmund
  4689 | D:5      | Entered Level 5 of the Dungeon
  4756 | D:5      | Reached * piety under Hepliaklqana
  4766 | D:5      | Found a snail-covered altar of Cheibriados.
  4766 | D:5      | Found a faded altar of an unknown god.
  4773 | D:5      | Found a white marble altar of Elyvilon.
  4775 | D:5      | Found a faded altar of an unknown god.
  4777 | D:5      | Found an iron altar of Okawaru.
  4870 | D:5      | Noticed Robin
  4909 | D:5      | Killed Robin
  5130 | D:5      | Reached XP level 8. HP: 26/54 MP: 12/12
  5382 | D:5      | HP: 1/54 [kobold brigand/+0 short sword (7)]
  5383 | D:5      | Succumbed to a kobold brigand's poison

Illustrated notes

Levels and vault maps discovered:
D:1:      dpeg_arrival_orchard, layout_loops_ring
D:2:      layout_basic, uniq_terence
D:3:      layout_rooms, palyth_temple_overflow_mages, st_stairs_13
D:4:      layout_basic, lemuel_temple_firewalk_a, nicolae_grassy_gnolls,
          uniq_ijyb, uniq_natasha, uniq_edmund
D:5:      layout_gridville, chequers_temple_overflow_minitemple,
          nicolae_goblin_pals
Temple:   eino_narrow_crystal_temple

Skill      XL: |  1  2  3  4  5  6  7  8 |
---------------+-------------------------+-----
Short Blades   | 1 2 3 |  3.0
Long Blades    | 1 2 3 |  3.0
Axes           | 1 2 3 |  3.0
Maces & Flails | 1 2 3 |  3.0
Polearms       | 1 2 3 |  3.0
Staves         | 1 2 3 |  3.0
Ranged Weapons | 1 2 3 |  3.0
Throwing       | 1 2 3 |  3.0
Shields        | 1 2 3 |  3.0
Unarmed Combat | 1 2 3 |  3.0
Spellcasting   | 1 2 3 |  3.0
Invocations    | 1 2 3 |  3.2
Conjurations   | 1 2 |  2.4
Hexes          | 1 2 |  2.4
Summonings     | 1 2 |  2.4
Necromancy     | 1 2 |  2.4
Translocations | 1 2 |  2.4
Transmutations | 1 2 |  2.4
Fire Magic     | 1 2 |  2.4
Ice Magic      | 1 2 |  2.4
Air Magic      | 1 2 |  2.4
Earth Magic    | 1 2 |  2.4
Poison Magic   | 1 2 |  2.4
Shapeshifting  | 1 2 |  2.4
Fighting       | 3 4 |  4.0
Dodging        | 3 4 |  4.0
Stealth        | 3 |  3.8
Armour         | 5 |  5.5
Evocations     | 7 |  7.2

Action                     |  1- 3 |  4- 6 |  7- 9 || total
---------------------------+-------+-------+-------++-------
  Melee: Club              |   104 |   289 |       ||   393
         Bite              |    11 |    34 |    11 ||    56
         Punch             |     2 |     8 |     1 ||    11
         Flail             |       |    18 |   104 ||   122
  Evoke: Wand              |     2 |    13 |     4 ||    19
    Use: Potion            |       |     1 |     1 ||     2
   Stab: Sleeping          |     2 |     1 |       ||     3
         Distracted        |       |       |     2 ||     2
 Armour: Leather armour    |    36 |     7 |       ||    43
         Plate armour      |       |   219 |   111 ||   330
         Scale mail        |       |    36 |       ||    36
  Dodge: Dodged            |    77 |    86 |    19 ||   182

Table legend: (Time is in decaauts)
 A = Elapsed time spent in this place.
 B = Non-inter-level travel time spent in this place.
 C = Inter-level travel time spent in this place.
 D = Time resting spent in this place.
 E = Time spent auto-exploring this place.
 F = Levels seen in this place.
 G = Mean time per level.
                   A        B        C        D        E       F      G
               +--------+--------+--------+--------+--------+-----+--------+
         Total |   5515 |   5409 |    106 |    911 |   3277 |   6 |  919.2 |
       Dungeon |   5484 |   5393 |     91 |    911 |   3277 |   5 | 1096.8 |
        Temple |     30 |     15 |     15 |      0 |      0 |   1 |   30.0 |
               +--------+--------+--------+--------+--------+-----+--------+

Top non-repeatable levels by time:
     D:3: 2222 daAuts
     D:4: 1109 daAuts
     D:2: 807 daAuts
     D:5: 706 daAuts
     D:1: 638 daAuts
  Temple: 30 daAuts
